 Dungeon Crawl Stone Soup version 0.30-a0-862-g1aabd4f9c5 (webtiles) character file.

Game seed: 13246260902973586045

18 Newt the Shooter (level 2, -18/19 HPs)
             Began as a Kobold Hunter on Mar 9, 2023.
             Killed by an exploding goblin (32 damage)
             ... ignited by their inner flame
             ... on level 2 of the Dungeon.
             The game lasted 00:00:46 (823 turns).

Newt the Shooter (Kobold Hunter)                     Turns: 823, Time: 00:00:47

Health: -18/19     AC:  3    Str:  8    XL:     2   Next: 85%
Magic:  2/2        EV: 14    Int: 10    God:
Gold:   34         SH:  0    Dex: 18    Spells: 1/1 levels left

rFire   . . .      SeeInvis .    a - +0 shortbow
rCold   . . .      Faith    .    (shield currently unavailable)
rNeg    . . .      Spirit   .    c - +0 leather armour
rPois   .          Reflect  .    (no helmet)
rElec   .          Rampage  .    (no cloak)
rCorr   .                        (no gloves)
Will    .....                    (no boots)
Stlth   +++                      (no amulet)
HPRegen 0.23/turn                (no ring)
MPRegen 0.08/turn                (no ring)

@: lethally poisoned (-18 -> -26)
A: small, no large weapons, nightstalker 3
a: no special abilities


You were on level 2 of the Dungeon.
You visited 1 branch of the dungeon, and saw 2 of its levels.

You collected 34 gold pieces.

Inventory:

Hand Weapons
 a - a +0 shortbow (weapon)
Armour
 c - a +0 leather armour (worn)
 f - a +2 buckler
Jewellery
 e - a ring of fire
Scrolls
 h - 2 scrolls of amnesia {unknown}
 i - a scroll of teleportation {unknown}
 j - a scroll of enchant armour {unknown}
Potions
 g - a potion of might {unknown}


   Skills:
 + Level 3.5 Fighting
 - Level 5.3 Ranged Weapons
 - Level 2.4 Dodging
 - Level 1.3 Stealth


You had one spell level left.
You didn't know any spells.
Your spell library contained the following spells:

 Spells                   Type           Power      Damage    Failure   Level
 Freeze                   Ice            0%         1d3       50%         1
 Frozen Ramparts          Ice            0%         1d1       86%         3
 Hailstorm                Conj/Ice       0%         3d3       86%         3


Dungeon Overview and Level Annotations

Branches:
Dungeon (2/15)

Altars:

Shops:
D:1 [

Annotations:
D:2 Robin


Innate Abilities, Weirdness & Mutations

You are small and have problems with some larger weapons.
You are completely attuned to the shadows.


Message History

Robin says, "My army is invincible!"
Robin throws the goblin at you!
You shoot an arrow. The goblin shouts!
The arrow hits the goblin!
You kill the goblin!
You hear a shout!
The goblin barely misses you. Robin throws the goblin at you!
You shoot an arrow.
The arrow hits the goblin but does no damage.
The goblin hits you with a +2 dagger of venom.
The goblin hits you with a +0 dagger.
Unknown command.
You shoot an arrow.
The arrow hits the goblin but does no damage.
The goblin closely misses you.
The goblin hits you with a +2 dagger of venom.
You are poisoned.
Unknown command.
It was a potion of curing.
You feel better. The goblin hits you but does no damage.
The goblin closely misses you.
You shoot an arrow. The arrow closely misses the goblin.
The arrow hits the hobgoblin but does no damage.
The goblin hits you with a +0 dagger. The goblin misses you.
Robin roars a battlecry!
The goblins go into a battle-frenzy!
The goblin hits you with a +0 dagger.
The goblin hits you with a +2 dagger of venom.
You are poisoned.
Unknown command.
Fire: a) +0 shortbow
Press: ? - help, Shift-Dir - straight line, f - hobgoblin, p - goblin
Aim: a hobgoblin (inner flame, strong, 64% to hit)
You shoot an arrow. The arrow hits the goblin.
The goblin explodes!
The fiery explosion engulfs the goblin!!
The fiery explosion engulfs the hobgoblin!!
The fiery explosion engulfs you!!
Ouch! That really hurt!
You die... #....<. .ggg.

#....# §§g
###....######§#
......+....#@#
######....####.#g###
...<.................
.....#.#.#.#.########
###....#.#.#.....
#....#.#.#.####
#........#.#
#...##.##### #.... ..


You could see Robin (inner flame), 2 hobgoblins and 2 goblins.

Vanquished Creatures
  A dart slug (D:1)
  A bat (D:1)
  An endoplasm (D:1)
  6 goblins
  A hobgoblin (D:2)
  2 jackals (D:1)
  A quokka (D:1)
  A frilled lizard (D:1)
  2 kobolds (D:1)
  2 rats (D:1)
18 creatures vanquished.

Notes
Turn   | Place    | Note
-------+----------+-------------------------------------------
     0 | D:1      | Newt the Kobold Hunter began the quest for the Orb.
     0 | D:1      | Reached XP level 1. HP: 12/12 MP: 1/1
    94 | D:1      | Found Ewurphayto's Antique Armour Shoppe.
   194 | D:1      | Reached XP level 2. HP: 18/18 MP: 2/2
   816 | D:2      | Noticed Robin
   823 | D:2      | Killed by an exploding goblin... ignited by their inner
                  | flame

Illustrated notes

Levels and vault maps discovered:
D:1:      kennysheep_arrival_seaside, layout_basic, serial_shops,
          nicolae_lakefront_shop, st_stairs_2
D:2:      minmay_recursive_quarters, layout_basic, minmay_misc_feat_x,
          serial_park_tiny_2, corexii_leaking_fountain, uniq_terence,
          uniq_jessica, uniq_robin

Skill      XL: |  1  2 |
---------------+-------+-----
Fighting       | 3 |  3.5
Ranged Weapons | |  5.3
Dodging        | |  2.4
Stealth        | |  1.3

Action                     || total
---------------------------++-------
   Fire: Shortbow          ||    47
    Use: Scroll            ||     1
         Potion            ||     1
 Armour: Leather armour    ||     8
  Dodge: Dodged            ||    32

Table legend: (Time is in decaauts)
 A = Elapsed time spent in this place.
 B = Non-inter-level travel time spent in this place.
 C = Inter-level travel time spent in this place.
 D = Time resting spent in this place.
 E = Time spent auto-exploring this place.
 F = Levels seen in this place.
 G = Mean time per level.
                   A        B        C        D        E       F      G
               +--------+--------+--------+--------+--------+-----+--------+
         Total |    843 |    829 |     14 |    147 |    589 |   2 |  421.5 |
       Dungeon |    843 |    829 |     14 |    147 |    589 |   2 |  421.5 |
               +--------+--------+--------+--------+--------+-----+--------+

Top non-repeatable levels by time:
     D:1: 817 daAuts
     D:2: 26 daAuts
